 Dungeon Crawl Stone Soup version 0.23-a0-703-gdf2d5e0dd9 (webtiles) character file.

65 Morbidden the Skirmisher (level 4, 0/49 HPs)
             Began as an Ogre Fighter on Jan 13, 2019.
             Slain by a goblin (1 damage)
             ... led by Robin
             ... on level 2 of the Dungeon.
             The game lasted 00:02:29 (822 turns).

Morbidden the Skirmisher (Ogre Fighter)              Turns: 822, Time: 00:02:29

Health: 0/49       AC:  3    Str: 26    XL:     4   Next: 13%
Magic:  0/5        EV: 14    Int:  9    God:
Gold:   52         SH:  9    Dex: 13    Spells: 4/4 levels left

rFire    . . .     SeeInvis .   a - +0 flail
rCold    . . .     Gourm    .   c - +0 shield
rNeg     . . .     Faith    .   b - +0 robe
rPois    .         Spirit   +   (helmet restricted)
rElec    .         Reflect  .   (no cloak)
rCorr    .         Harm     .   (gloves unavailable)
MR       .....                  (boots unavailable)
Stlth    ++........             i - amulet of guardian spirit
HPRegen  0.16/turn              (no ring)
MPRegen  0.09/turn              (no ring)

@: mighty, agile
A: large, unfitting armour, tough skin 1
a: no special abilities


You were on level 2 of the Dungeon.
You were not hungry.

You visited 1 branch of the dungeon, and saw 2 of its levels.

You collected 52 gold pieces.

Inventory:

Hand Weapons
 a - a +0 flail (weapon)
Armour
 b - a +0 robe (worn)
 c - a +0 shield (worn)
Jewellery
 i - an amulet of guardian spirit (around neck)
Scrolls
 e - 3 scrolls of identify
 g - 2 scrolls of remove curse
 h - a scroll of fog {unknown}
 j - a scroll of immolation {unknown}
 l - a scroll of blinking
Potions
 d - a potion of might
Comestibles
 f - 4 rations


   Skills:
 * Level 4.7 Fighting
 + Level 2.6 Maces & Flails
 + Level 3.1 Dodging
 + Level 3.0 Shields
 * Level 0.6 Spellcasting


You had 4 spell levels left.
You didn't know any spells.
Your spell library was empty.

Dungeon Overview and Level Annotations

Branches:
Dungeon (2/15)

Altars:


Innate Abilities, Weirdness & Mutations

You are too large for most types of armour.
You have tough skin. (AC +1)


Message History

Unknown command.
You barely miss the goblin. You block the goblin's attack.
The goblin hits you with a +1 vampiric dagger.
* * * LOW HITPOINT WARNING * * *
Unknown command.
You barely miss the goblin. The goblin barely misses you.
You block the goblin's attack. The goblin hits you but does no damage.
Unknown command.
It was a potion of agility.
You feel agile all of a sudden. You block the goblin's attack.
The goblin hits you but does no damage.
Your shield prevents you from hitting the goblin.
The goblin hits you with a +1 vampiric dagger.
* * * LOW HITPOINT WARNING * * *
The goblin closely misses you. You block the goblin's attack.
You barely miss the goblin. The goblin barely misses you.
The goblin hits you with a +1 vampiric dagger.
* * * LOW HITPOINT WARNING * * *
You closely miss the goblin. The goblin hits you.
You die...

..>...# ##.#..# ##
#.#.########## #.
##....##......# #.
......##......# #.##
##.##.#.......# #..# .
......#.#'##### #####.#####g..
###.###.#.##########....g)g...#
#.....#......g@gg#.....†.#
######..##########.#....g..#
#.......#.#....###.#.......#
#.##......#..........g....##
#.##....#.####.^....#######
..##....#....#......#
####....####)#......# #########
#.#......#
......######.#......#


You could see 3 goblins.

Vanquished Creatures
  Robin (D:2)
  2 adders (D:2)
  A worm (D:2)
  A leopard gecko (D:1)
  A ball python (D:1)
  3 bats (D:1)
  A giant cockroach (D:1)
  8 goblins
  3 hobgoblins
  2 jackals (D:1)
  5 frilled lizards
  3 kobolds
  2 rats
33 creatures vanquished.

Vanquished Creatures (others)
  7 toadstools (D:1)
7 creatures vanquished.

Grand Total: 40 creatures vanquished

Notes
Turn   | Place    | Note
-------+----------+-------------------------------------------
     0 | D:1      | Morbidden the Ogre Fighter began the quest for the Orb.
     0 | D:1      | Reached XP level 1. HP: 24/24 MP: 1/1
   216 | D:1      | Reached XP level 2. HP: 18/32 MP: 2/2
   547 | D:2      | Reached XP level 3. HP: 35/40 MP: 3/3
   779 | D:2      | Noticed Robin
   809 | D:2      | Killed Robin
   809 | D:2      | Reached XP level 4. HP: 9/49 MP: 1/4
   817 | D:2      | HP: 2/49 [goblin/+1 vampiric dagger[Robin] (1)]
   822 | D:2      | Slain by a goblin

Vault maps used:
D:1:      nagdon_arrival_double_spiral
D:2:      uniq_robin

Skill      XL: |  1  2  3 |
---------------+----------+-----
Maces & Flails | 2 |  2.6
Dodging        | 3 |  3.1
Shields        | 3 |  3.0
Fighting       | |  4.7
Spellcasting   | |  0.6

Action                   |  1- 3 |  4- 6 || total
-------------------------+-------+-------++-------
Melee: Flail             |   117 |    12 ||   129
  Use: Scroll            |     2 |       ||     2
       Potion            |     1 |     1 ||     2
Armor: Robe              |    38 |     5 ||    43
Dodge: Dodged            |    62 |     7 ||    69
Block: Shield            |    73 |    12 ||    85

Table legend:
 A = Non-vault XP
 B = Vault XP
 C = Vault XP percentage of total XP
 D = Non-vault monster count
 E = Vault monster count
 F = Vault count percentage of total count
                 A         B        C        D         E       F
            +---------+---------+-------+---------+---------+-------
      Total |      64 |      29 |  31.2 |      25 |       8 |  24.2
            +---------+---------+-------+---------+---------+-------
        D:1 |      27 |       0 |   0.0 |      16 |       0 |   0.0
        D:2 |      37 |      29 |  43.9 |       9 |       8 |  47.1
            +---------+---------+-------+---------+---------+-------
